 Dungeon Crawl Stone Soup version 0.25-a0-565-g8875c97ebb (webtiles) character file.

Game seed: 18058757010839342252, levelgen mode: deterministic

383901 Flugslaktarn the Executioner (level 21, -92/219 HPs)
             Began as a Deep Dwarf Fighter on Feb 26, 2020.
             Was the Champion of Makhleb.
             Killed from afar by an orb of fire (103 damage)
             ... with a fireball
             ... on level 5 of the Realm of Zot.
             The game lasted 00:21:01 (19107 turns).

Flugslaktarn the Executioner (Deep Dwarf Fighter)  Turns: 19107, Time: 00:21:02

Health: -92/219    AC:  0    Str: 30    XL:     21   Next: 61%
Magic:  13/13      EV: 19    Int:  9    God:    Makhleb [******]
Gold:   2349       SH:  6    Dex: 12    Spells: 20/20 levels left

rFire    . . .     SeeInvis .   (weapon currently unavailable)
rCold    . . .     Gourm    .   (shield currently unavailable)
rNeg     + . .     Faith    .   (armour currently unavailable)
rPois    .         Spirit   .   (helmet currently unavailable)
rElec    .         Reflect  +   (cloak currently unavailable)
rCorr    .         Harm     .   (gloves currently unavailable)
MR       +++..     Rnd*Rage +   (boots currently unavailable)
Stlth    +.........             B - +6 amulet of reflection
HPRegen  0.00/turn              (ring currently unavailable)
MPRegen  0.13/turn              (ring currently unavailable)

@: mighty, about to teleport, pig-form, non-regenerating, hasted (expiring),
very quick
A: small, damage resistance, heal wounds, berserk 1, negative energy resistance
1, sense surroundings 3, wild magic 1, no regeneration
}: 3/15 runes: barnacled, silver, gossamer
a: Heal Wounds, Minor Destruction, Lesser Servant of Makhleb, Major Destruction,
Greater Servant of Makhleb, Renounce Religion


You were on level 5 of the Realm of Zot.
You worshipped Makhleb.
Makhleb was exalted by your worship.
You were very hungry.
You were a filthy swine.
You visited 8 branches of the dungeon, and saw 42 of its levels.

You collected 2439 gold pieces.
You spent 90 gold pieces at shops.

Inventory:

Hand Weapons
 L - a +9 vorpal broad axe (melded)
   (You found it on level 4 of the Shoals)
Missiles
 b - a throwing net (quivered)
Armour
 a - a +0 cloak of magic resistance
   (You took it off a draconian monk on level 1 of the Realm of Zot)
 p - a +2 pair of gloves (melded)
   (You found it on level 1 of the Vaults)
 x - a +2 helmet
   (You found it on level 8 of the Dungeon)
 F - the +2 shield of Resistance (melded) {rF+ rC+ MR+}
   (You found it on level 11 of the Dungeon)

   It protects you from fire.
   It protects you from cold.
   It affects your resistance to hostile enchantments.
 J - a +2 pair of boots of running (melded)
   (You acquired it on level 1 of the Spider Nest)
 K - a scarf of resistance (melded)
   (You found it on level 13 of the Dungeon)
 Q - +2 gold dragon scales (melded)
   (You found it on level 1 of the Realm of Zot)
Jewellery
 c - an uncursed ring of protection from cold
   (You found it on level 8 of the Dungeon)
 k - an uncursed ring of resist corrosion
   (You found it on level 14 of the Dungeon)
 o - an uncursed ring of poison resistance
   (You found it on level 15 of the Dungeon)
 v - a +6 ring of evasion (melded)
   (You found it on level 3 of the Lair of Beasts)
 B - a +6 amulet of reflection (around neck)
   (You found it on level 7 of the Dungeon)
 P - a +3 ring of evasion (melded)
   (You found it on level 4 of the Shoals)
Wands
 y - a wand of iceblast (16)
   (You found it on level 6 of the Dungeon)
 E - a wand of acid (12)
   (You found it on level 10 of the Dungeon)
 I - a wand of paralysis (22)
   (You found it on level 14 of the Dungeon)
 T - a wand of digging (4)
   (You found it on level 3 of the Lair of Beasts)
Scrolls
 g - 2 scrolls of summoning
 m - 6 scrolls of fear
 r - 6 scrolls of identify
 s - 3 scrolls of brand weapon
 t - 5 scrolls of teleportation
 z - a scroll of blinking
 G - 4 scrolls of holy word
 H - 6 scrolls of remove curse
 M - 2 scrolls of immolation
 N - a scroll of torment
Potions
 d - 2 potions of might
 f - 6 potions of ambrosia
 i - 5 potions of brilliance
 n - 2 potions of resistance
 q - 3 potions of curing
 w - 3 potions of heal wounds
 A - 2 potions of lignification
 C - 2 potions of flight
 O - 4 potions of berserk rage
 S - 3 potions of stabbing
Comestibles
 e - 54 rations


   Skills:
 * Level 20.3 Fighting
 - Level 21.0 Axes
 + Level 17.6 Armour
 + Level 8.8 Dodging
 - Level 15.0 Shields
 - Level 15.0 Invocations


You had 20 spell levels left.
You didn't know any spells.
Your spell library was empty.

Dungeon Overview and Level Annotations

Branches:
Dungeon (15/15)            Temple (1/1) D:5            Lair (3/6) D:8
 Shoals (4/4) Lair:3       Spider (4/4) Lair:2          Orc (0/2) D:11
 Vaults (5/5) D:14         Depths (5/5) D:15            Zot (5/5) Depths:5
  Crypt: Vaults:2-3

Altars:
Ashenzari
Cheibriados
Dithmenos
Elyvilon
Fedhas
Gozag
Hepliaklqana
Kikubaaqudgha
Makhleb
Nemelex Xobeh
Okawaru
Qazlal
Ru
Sif Muna
Trog
Uskayaw
Vehumet
Wu Jian
Xom
Yredelemnul
Zin

Shops:
D:5 ?   D:6 [   D:9 :   Shoals:1 =

Portals:
Hell: Depths:3 Depths:5
Abyss: Depths:3 Depths:5
Pandemonium: Depths:3
Trove: D:14 (give 16 potions of curing)

Annotations:
D:7 2 runed translucent doors, Esekla's ghost, novice DEWz
D:9 2 transporters, Flugslaktarn's ghost, novice DDFi
D:11 1 runed translucent door
D:13 2 transporters, exclusion: orange crystal statue
Shoals:1 Roxanne
Spider:3 1 transporter
Depths:2 exclusion: ice statue


Innate Abilities, Weirdness & Mutations

You are resistant to damage.
You can heal yourself by infusing magical energy.
You resist negative energy. (rN+)
You passively map a large area around you.
You do not regenerate.
((You have a pair of small horns on your head.))
You tend to lose your temper in combat.
Your spells are a little harder to cast, but a little more powerful.


Message History

The klown pie hits you!
Moon pie!
You turn into a filthy swine.
Your +9 vorpal broad axe melds into your body.
Your scarf of resistance melds into your body.
Your +2 pair of gloves melds into your body.
Your +2 pair of boots of running melds into your body.
The +2 shield of Resistance {rF+ rC+ MR+} melds into your body.
Your +2 gold dragon scales melds into your body.
Your +3 ring of evasion melds into your body.
Your +6 ring of evasion melds into your body.
You feel hot and cold all over.
You feel rather sluggish.
As you read the scroll of teleportation, it crumbles to dust.
You feel strangely unstable.
You feel the Orb delaying your translocation!
The orb of fire emits a lurid red light.
The bolt of fire hits you!!!
* * * LOW HITPOINT WARNING * * *
The orb of fire glows red.
The fireball explodes!
The fireball engulfs you!!!!
You die...

#.................$,,**#......
##.....^..........^,**#...####
##................**....#*
##............^..,,..##*
▓▓.....##▓▓▓▓▓▓▓▓*▓▓*
*▓........?......▓▓**
*▓..^...............,***
**..........2......^.,,,**
*,...........h.......,,,,* ***
*,........./.........,,,,***,,
**.........*.....L...,,,,**,,,
*▓.....^...*.......y,,^,*,,,,
*▓..........^.p....,,,,,,,,,
**,...........DL....,,,,*,,,,
**,,,..^......*......,,,,**,,,
*,,,,,...............,,,,***,,
*,,,,,,,,,,,,,,,,,,,,,,,,* ***


You could see 3 orbs of fire, a Killer Klown, a shadow dragon, 2 ancient liches,
a moth of wrath and a friendly green death.

Vanquished Creatures
  An orb of fire (Zot:5)
  2 ancient liches (Zot:5)
  Sojobo (Depths:2)
  2 Killer Klowns (Zot:5)
  3 curse toes (Zot:4)
  2 golden dragons
  A bone dragon (Depths:5)
  An electric golem (Zot:4)
  7 tentacled monstrosities
  7 Orb Guardians (Zot:5)
  4 titans (Vaults:5)
  2 quicksilver dragons
  5 death cobs
  Kirke (D:14)
  A sphinx (Vaults:4)
  4 shadow dragons
  3 draconian monks
  4 storm dragons
  6 tengu reavers
  4 fire giants
  4 frost giants
  An iron dragon (Depths:2)
  3 emperor scorpions (Spider:4)
  3 draconian scorchers
  3 draconian knights
  Louise (D:15)
  4 draconian shifters
  4 vault wardens
  5 draconian stormcallers
  A war gargoyle (Vaults:5)
  4 draconian annihilators
  12 ironheart preservers
  7 very ugly things
  8 stone giants
  2 entropy weavers (Spider:1)
  4 black draconians (Zot:5)
  6 white draconians
  4 yellow draconians
  4 green draconians
  2 red draconians (Depths:5)
  7 purple draconians
  The ghost of Finod the Cleaver, a journeyman DDFi of Makhleb (D:13)
  A minotaur (shapeshifter) (D:15)
  An ettin (Vaults:3)
  A blizzard demon (Depths:2)
  4 spark wasps
  A green death (Depths:3)
  4 merfolk javelineers (Shoals:4)
  6 fire dragons
  10 yaktaur captains
  7 great orbs of eyes
  3 merfolk impalers (Shoals:4)
  7 ogre magi
  25 vault guards
  2 rakshasas (Vaults:3)
  4 ice dragons
  An ice dragon (shapeshifter) (Vaults:5)
  2 hydras
  An alligator snapping turtle (Shoals:4)
  30 two-headed ogres
  2 merfolk aquamancers
  3 merfolk avatars (Shoals:4)
  An anaconda (shapeshifter) (Vaults:5)
  2 spriggan air magi
  5 centaur warriors
  3 death knights (Vaults:3)
  9 deep troll earth magi
  A queen ant (Spider:1)
  5 tengu warriors
  6 deep troll shamans
  A vampire mage (Depths:1)
  2 deep elf knights (Vaults:2)
  A shock serpent (shapeshifter) (Vaults:5)
  3 spriggan berserkers
  2 skeletal warriors (Depths:2)
  4 sea snakes
  9 hell knights
  3 iron trolls
  3 unseen horrors
  5 glowing orange brains
  25 deep trolls
  A quicksilver dragon simulacrum (Depths:2)
  A glowing orange brain (shapeshifter) (Depths:5)
  A flayed ghost (Vaults:3)
  2 wizards
  An orange crystal statue (Depths:1)
  2 phantasmal warriors
  6 ironbrand convokers
  2 deep elf archers (Vaults:5)
  6 orc knights
  19 wolf spiders
  7 deep elf magi
  5 necromancers
  5 orb spiders
  8 manticores
  An orc sorcerer (Vaults:3)
  A salamander (shapeshifter) (D:15)
  31 ugly things
  8 moths of wrath
  3 centaur zombies
  6 vault sentinels
  A merfolk siren (Shoals:4)
  5 cyclopes
  4 water nymphs
  8 rust devils (Depths:2)
  An elephant (D:8)
  A black mamba (Lair:2)
  2 spiny frogs
  4 gargoyles
  2 hellions (Zot:4)
  2 efreet (Zot:4)
  4 freezing wraiths
  21 yaktaurs
  9 demonic crawlers
  An ice devil (Depths:2)
  A komodo dragon (Lair:3)
  A hellwing (Depths:3)
  2 tengu conjurers
  A rime drake (Lair:3)
  11 trolls
  15 jumping spiders
  9 merfolk
  3 meliai (D:15)
  9 hornets
  A wolf spider simulacrum (D:15)
  25 slime creatures
  A snapping turtle (Shoals:1)
  7 blink frogs
  6 hippogriffs
  11 water elementals
  2 wyverns
  A shadow (D:14)
  16 redbacks
  8 tarantellas
  A wraith (D:15)
  17 yaks
  3 hogs (D:14)
  3 basilisks
  3 chaos spawn (Depths:3)
  3 hungry ghosts
  10 vampire mosquitoes
  2 wargs (Vaults:3)
  7 water moccasins
  An acid dragon (D:11)
  8 soldier ants
  5 porcupines
  12 orc warriors
  3 sky beasts
  An ettin simulacrum (Depths:2)
  9 ice beasts
  5 phantoms
  2 black bears
  An eye of draining (D:11)
  A necrophage (D:9)
  32 ogres
  5 centaurs
  5 crocodiles
  2 big kobolds
  A wyvern zombie (D:10)
  17 bullfrogs
  6 scorpions
  A human simulacrum (Vaults:1)
  A troll zombie (D:11)
  15 killer bees
  14 wights
  3 electric eels
  A quasit (D:14)
  13 crimson imps
  2 bullfrog zombies
  3 orc priests
  8 hounds
  2 bullfrog skeletons
  3 jellies
  11 orc wizards
  2 centaur skeletons
  An iguana (D:8)
  28 worker ants
  5 ogre zombies (D:11)
  A hound zombie (D:5)
  A worker ant zombie (D:6)
  A howler monkey zombie (D:5)
  6 adders
  4 shadow imps
  A white imp (D:10)
  An ufetubus (D:15)
  3 adder skeletons
  6 worms
  A dart slug (D:4)
  4 leopard geckos
  36 orcs
  3 giant cockroaches
  5 hobgoblins
  13 jackals
  6 quokkas
  A ball python (D:3)
  A bat (D:1)
  2 frilled lizards
  3 goblins
  A goblin skeleton (D:11)
  4 goblin zombies (D:11)
  A hobgoblin skeleton (D:11)
  10 kobolds
  A leopard gecko skeleton (D:6)
  An orc skeleton (D:11)
  11 orc zombies (D:11)
  A quokka skeleton (D:5)
  3 rats (D:3)
  6 plants
1083 creatures vanquished.

Vanquished Creatures (collateral kills)
  A caustic shrike (Depths:3)
  3 ghost moths (Spider:4)
  2 spark wasps (Spider:4)
  3 wolf spiders (Spider:4)
  A demonic crawler (Spider:4)
  5 jumping spiders (Spider:4)
  3 hornets (Spider:4)
  3 redbacks (Spider:4)
  A tarantella (Spider:4)
  An eye of draining (shapeshifter) (Depths:3)
23 creatures vanquished.

Vanquished Creatures (others)
  Nessos (D:14)
  A yaktaur captain (Vaults:5)
  2 rakshasas
  Sonja (D:13)
  A cyclops (Vaults:1)
  An efreet (Zot:4)
  8 yaktaurs
  An electric eel (Spider:4)
  3 plants
19 creatures vanquished.

Grand Total: 1125 creatures vanquished

Notes
Turn   | Place    | Note
-------+----------+-------------------------------------------
     0 | D:1      | Flugslaktarn the Deep Dwarf Fighter began the quest for the
                  | Orb.
     0 | D:1      | Reached XP level 1. HP: 20/20 MP: 1/1
   114 | D:1      | Reached XP level 2. HP: 22/27 MP: 2/2
   414 | D:3      | Reached XP level 3. HP: 29/34 MP: 3/3
   439 | D:3      | Reached skill level 3 in Axes
   622 | D:4      | Found a white marble altar of Elyvilon.
   626 | D:4      | Reached XP level 4. HP: 35/42 MP: 3/3
   685 | D:4      | Found an opulent altar of Gozag.
   751 | D:4      | Reached XP level 5. HP: 40/50 MP: 4/4
   752 | D:4      | Found a shadowy altar of Dithmenos.
   772 | D:4      | Reached skill level 4 in Axes
   821 | D:4      | Noticed an ogre
   827 | D:4      | Killed an ogre
   827 | D:4      | Reached XP level 6. HP: 34/57 MP: 5/5
  1273 | D:5      | Entered Level 5 of the Dungeon
  1385 | D:5      | Found a staircase to the Ecumenical Temple.
  1408 | Temple   | Entered the Ecumenical Temple
  1549 | Temple   | Became a worshipper of Makhleb the Destroyer
  1652 | D:5      | Reached skill level 5 in Axes
  1670 | D:5      | Reached XP level 7. HP: 37/66 MP: 6/6
  1743 | D:5      | Found a shimmering altar of Xom.
  1765 | D:5      | Reached skill level 1 in Invocations
  1833 | D:5      | Reached skill level 5 in Fighting
  2106 | D:5      | Found Vufog's Magic Scroll Emporium.
  2116 | D:5      | Bought a scroll of enchant weapon for 90 gold pieces
  2426 | D:6      | Reached skill level 5 in Armour
  2460 | D:6      | Found Valy's Armour Emporium.
  2468 | D:6      | Reached skill level 6 in Axes
  2484 | D:6      | Reached XP level 8. HP: 40/75 MP: 9/9
  2668 | D:6      | Reached * piety under Makhleb
  3091 | D:7      | Reached skill level 7 in Axes
  3271 | D:7      | Gained mutation: You passively map the area around you.
                  | [Deep Dwarf growth]
  3271 | D:7      | Reached XP level 9. HP: 39/85 MP: 11/11
  3372 | D:7      | Reached skill level 5 in Invocations
  3410 | D:7      | Found a large runed translucent door.
  3419 | D:7      | Reached skill level 8 in Axes
  3512 | D:7      | Found a large runed translucent door.
  3752 | D:7      | Noticed Esekla's ghost (novice DEWz)
  3920 | D:8      | Noticed an elephant
  3921 | D:8      | Found a staircase to the Lair.
  3934 | D:8      | Reached ** piety under Makhleb
  3940 | D:8      | Killed an elephant
  3952 | D:8      | Reached skill level 9 in Axes
  4309 | D:8      | Noticed a two-headed ogre
  4332 | D:8      | Killed a two-headed ogre
  4332 | D:8      | Reached XP level 10. HP: 79/98 MP: 9/11
  4550 | D:9      | Noticed a white ugly thing
  4580 | D:9      | Killed a white ugly thing
  4669 | D:9      | Reached skill level 10 in Axes
  4775 | D:9      | Found a transporter.
  4781 | D:9      | Noticed Flugslaktarn's ghost (novice DDFi)
  4961 | D:9      | Found a transporter.
  5076 | D:9      | Found Raobejon's Book Boutique.
  5092 | D:9      | Found a stormy altar of Qazlal.
  5281 | D:10     | Entered Level 10 of the Dungeon
  5436 | D:10     | Reached *** piety under Makhleb
  5580 | D:10     | Noticed a two-headed ogre
  5603 | D:10     | Killed a two-headed ogre
  5603 | D:10     | Reached XP level 11. HP: 88/106 MP: 13/13
  5705 | D:10     | Reached skill level 11 in Axes
  5756 | D:10     | Noticed a two-headed ogre
  5762 | D:10     | Killed a two-headed ogre
  5773 | D:10     | Gained mutation: You are partially covered in yellow
                  | scales. (AC +2) [potion of mutation]
  5773 | D:10     | Gained mutation: You occasionally shout uncontrollably at
                  | your foes. [potion of mutation]
  5773 | D:10     | Gained mutation: You have a pair of small horns on your
                  | head. [potion of mutation]
  5773 | D:10     | Gained mutation: Your flesh is heat resistant. (rF+)
                  | [potion of mutation]
  5774 | D:10     | Lost mutation: You have a pair of small horns on your head.
                  | [potion of mutation]
  5774 | D:10     | Lost mutation: You occasionally shout uncontrollably at
                  | your foes. [potion of mutation]
  5774 | D:10     | Lost mutation: Your flesh is heat resistant. (rF+) [potion
                  | of mutation]
  5774 | D:10     | Lost mutation: You are partially covered in yellow scales.
                  | (AC +2) [potion of mutation]
  5774 | D:10     | Gained mutation: Your spells are a little harder to cast,
                  | but a little more powerful. [potion of mutation]
  5774 | D:10     | Gained mutation: You have a pair of small horns on your
                  | head. [potion of mutation]
  6243 | D:11     | Found a staircase to the Orcish Mines.
  6360 | D:11     | Reached **** piety under Makhleb
  6360 | D:11     | Reached skill level 10 in Fighting
  6686 | D:11     | Noticed an ice dragon
  6687 | D:11     | Found the +2 shield of Resistance {rF+ rC+ MR+}
  6687 | D:11     | Found a runed translucent door.
  6689 | D:11     | Noticed a fire dragon
  6689 | D:11     | Noticed an ice dragon
  6689 | D:11     | Noticed a fire dragon
  6691 | D:11     | Found a runed translucent door.
  7020 | D:12     | Reached skill level 12 in Axes
  7033 | D:12     | Reached ***** piety under Makhleb
  7061 | D:12     | Noticed a two-headed ogre
  7068 | D:12     | Killed a two-headed ogre
  7130 | D:12     | Noticed a cyan ugly thing
  7138 | D:12     | Killed a cyan ugly thing
  7246 | D:12     | Reached XP level 12. HP: 95/118 MP: 15/15
  7346 | D:13     | Found a transporter.
  7346 | D:13     | Noticed a five-headed hydra
  7354 | D:13     | Noticed a fire giant
  7367 | D:13     | Found a transporter.
  7397 | D:13     | Reached skill level 10 in Invocations
  7453 | D:13     | Noticed Sonja
  7458 | D:13     | Killed Sonja
  7462 | D:13     | Noticed a centaur warrior
  7477 | D:13     | Killed a centaur warrior
  7531 | D:13     | Reached skill level 5 in Shields
  7555 | D:13     | You fall into a shaft and drop 1 floor!
  7555 | D:14     | Noticed Kirke
  7555 | D:14     | Noticed a centaur warrior
  7561 | D:14     | Killed a centaur warrior
  7573 | D:14     | Killed Kirke
  7573 | D:14     | Reached skill level 13 in Axes
  7590 | D:14     | Found a snail-covered altar of Cheibriados.
  7614 | D:14     | Noticed Nessos
  7628 | D:14     | Killed Nessos
  7649 | D:14     | Reached skill level 10 in Armour
  7666 | D:14     | Noticed a centaur warrior
  7674 | D:14     | Noticed a two-headed ogre
  7679 | D:14     | Killed a centaur warrior
  7716 | D:14     | Killed a two-headed ogre
  7716 | D:14     | Reached XP level 13. HP: 83/128 MP: 17/17
  8107 | D:14     | Found a gate to the Vaults.
  8255 | D:14     | Found a portal to a secret trove of treasure.
  8347 | D:13     | Found a transporter.
  8350 | D:13     | Noticed Finod's ghost (journeyman DDFi)
  8352 | D:13     | Identified the +5 dire flail "Worm" {protect, rElec Dex+2}
  8354 | D:13     | Found a transporter.
  8395 | D:13     | Found a shattered altar of Ashenzari.
  8492 | D:13     | Killed Finod's ghost
  8492 | D:13     | Reached skill level 14 in Axes
  8545 | D:15     | Entered Level 15 of the Dungeon
  8617 | D:15     | Reached ****** piety under Makhleb
  8734 | D:15     | Noticed Louise
  8751 | D:15     | HP: 3/130 [meliai/divine providence (14)]
  8799 | D:15     | Killed Louise
  8848 | D:15     | Gained mutation: You resist negative energy. (rN+) [Deep
                  | Dwarf growth]
  8848 | D:15     | Reached XP level 14. HP: 139/139 MP: 18/18
  9461 | D:15     | Noticed an emperor scorpion
  9482 | D:15     | an emperor scorpion changed into a minotaur
  9493 | D:15     | Reached skill level 15 in Axes
  9552 | D:15     | Found a staircase to the Depths.
  9725 | Lair:1   | Entered Level 1 of the Lair of Beasts
 10363 | Lair:2   | Found a hole to the Spider Nest.
 10643 | Lair:3   | Got a coiled turquoise ring
 10970 | Lair:3   | Identified the ring "Kubasusk" {MP+9 Int+4 Dex+2} (You
                  | found it on level 3 of the Lair of Beasts)
 11062 | Lair:3   | Found a staircase to the Shoals.
 11125 | Spider:1 | Entered Level 1 of the Spider Nest
 11156 | Spider:1 | Noticed an entropy weaver
 11156 | Spider:1 | Noticed an entropy weaver
 11262 | Spider:1 | Killed an entropy weaver
 11293 | Spider:1 | Killed an entropy weaver
 11397 | Spider:1 | Identified a scroll of acquirement
 11403 | Spider:1 | Identified a +2 pair of boots of running (You acquired it
                  | on level 1 of the Spider Nest)
 11630 | Spider:3 | Found a transporter.
 11703 | Spider:4 | Entered Level 4 of the Spider Nest
 11745 | Spider:4 | Noticed an emperor scorpion
 11746 | Spider:4 | Reached XP level 15. HP: 139/150 MP: 18/18
 11895 | Spider:4 | Reached skill level 16 in Axes
 12315 | Spider:4 | Killed a ghost moth
 12386 | Spider:4 | HP: 4/151 [spark wasp (7)]
 12410 | Spider:4 | Killed a ghost moth
 12417 | Spider:4 | Killed a ghost moth
 12436 | Spider:4 | Got a gossamer rune of Zot
 12625 | Spider:3 | Got a pitted battleaxe
 12626 | Spider:3 | Identified the cursed +1 battleaxe of the Traitor {freeze,
                  | rF- Int+5} (You found it on level 3 of the Spider Nest)
 12749 | Shoals:1 | Entered Level 1 of the Shoals
 12767 | Shoals:1 | Identified Roxanne's Incunabulum of Moulding
 12767 | Shoals:1 | Noticed Roxanne
 12829 | Shoals:1 | Found Dauh's Jewellery Shop.
 12973 | Shoals:2 | Reached skill level 10 in Shields
 13001 | Shoals:4 | Entered Level 4 of the Shoals
 13548 | Shoals:4 | Reached XP level 16. HP: 98/160 MP: 19/19
 13574 | Shoals:4 | Got a barnacled rune of Zot
 13817 | Vaults:1 | Entered Level 1 of the Vaults
 13828 | Vaults:1 | Reached skill level 17 in Axes
 14123 | Vaults:1 | Reached skill level 15 in Fighting
 15089 | Vaults:3 | Reached skill level 15 in Invocations
 15121 | Vaults:3 | Reached XP level 17. HP: 112/170 MP: 20/20
 15269 | Vaults:3 | Reached skill level 18 in Axes
 15873 | Vaults:5 | Entered Level 5 of the Vaults
 15881 | Vaults:5 | Noticed a tentacled monstrosity
 15895 | Vaults:5 | Noticed a tentacled monstrosity
 15895 | Vaults:5 | Noticed a tentacled monstrosity
 15896 | Vaults:5 | Noticed a tentacled monstrosity
 15908 | Vaults:5 | Killed a tentacled monstrosity
 15913 | Vaults:5 | Killed a tentacled monstrosity
 15918 | Vaults:5 | Killed a tentacled monstrosity
 15927 | Vaults:5 | Reached skill level 19 in Axes
 15943 | Vaults:5 | Gained mutation: You passively map a large area around you.
                  | [Deep Dwarf growth]
 15943 | Vaults:5 | Reached XP level 18. HP: 183/183 MP: 21/21
 15993 | Vaults:5 | Noticed a tentacled monstrosity
 16015 | Vaults:5 | Killed a tentacled monstrosity
 16079 | Vaults:5 | Got a silver rune of Zot
 16103 | Vaults:5 | Noticed a tentacled monstrosity
 16115 | Vaults:5 | Killed a tentacled monstrosity
 16137 | Vaults:5 | Reached skill level 15 in Armour
 16393 | Vaults:3 | Reached skill level 20 in Axes
 16628 | Depths:1 | Entered Level 1 of the Depths
 16667 | Depths:1 | Reached XP level 19. HP: 193/193 MP: 21/21
 16788 | Depths:1 | You fall into a shaft and drop 1 floor!
 16872 | Depths:2 | Noticed Sojobo
 16915 | Depths:2 | Killed Sojobo
 16947 | Depths:2 | Found a shimmering blue altar of Sif Muna.
 17125 | Depths:3 | Found a gateway to Hell.
 17262 | Depths:3 | Noticed a caustic shrike
 17294 | Depths:3 | Killed a caustic shrike
 17348 | Depths:3 | Found a one-way gate to the infinite horrors of the Abyss.
 17453 | Depths:3 | Found a one-way gate leading to the halls of Pandemonium.
 17622 | Depths:5 | Entered Level 5 of the Depths
 17876 | Depths:5 | Reached skill level 21 in Axes
 17991 | Depths:5 | Noticed a bone dragon
 18002 | Depths:5 | Reached XP level 20. HP: 161/206 MP: 17/17
 18003 | Depths:5 | Reached skill level 1 in Dodging
 18038 | Depths:5 | Killed a bone dragon
 18066 | Depths:5 | Found a gate to the Realm of Zot.
 18088 | Zot:1    | Entered Level 1 of the Realm of Zot
 18096 | Zot:1    | Noticed a golden dragon
 18107 | Zot:1    | Killed a golden dragon
 18700 | Zot:4    | Noticed a curse toe
 18715 | Zot:4    | Killed a curse toe
 18715 | Zot:4    | Reached skill level 5 in Dodging
 18735 | Zot:4    | Noticed a curse toe
 18744 | Zot:4    | Reached skill level 15 in Shields
 18775 | Zot:4    | Killed a curse toe
 18802 | Zot:4    | Noticed a curse toe
 18816 | Zot:4    | Killed a curse toe
 18828 | Zot:5    | Entered Level 5 of the Realm of Zot
 18897 | Zot:5    | Noticed a golden dragon
 18901 | Zot:5    | Noticed a Killer Klown
 18911 | Zot:5    | Reached XP level 21. HP: 179/217 MP: 14/14
 18930 | Zot:5    | Killed a golden dragon
 18959 | Zot:5    | Killed a Killer Klown
 19007 | Zot:5    | Noticed an orb of fire
 19008 | Zot:5    | Noticed an orb of fire
 19008 | Zot:5    | Noticed a Killer Klown
 19009 | Zot:5    | Noticed an ancient lich
 19009 | Zot:5    | Noticed a Killer Klown
 19009 | Zot:5    | Noticed a Killer Klown
 19025 | Zot:5    | Gained mutation: You tend to lose your temper in combat.
                  | [an orb of fire]
 19028 | Zot:5    | Noticed an ancient lich
 19039 | Zot:5    | Noticed an ancient lich
 19041 | Zot:5    | Noticed an ancient lich
 19045 | Zot:5    | Noticed a Killer Klown
 19054 | Zot:5    | Noticed an orb of fire
 19060 | Zot:5    | Killed an ancient lich
 19066 | Zot:5    | Killed an ancient lich
 19072 | Zot:5    | Killed an orb of fire
 19086 | Zot:5    | Killed a Killer Klown
 19101 | Zot:5    | Noticed an orb of fire
 19101 | Zot:5    | Noticed an orb of fire
 19103 | Zot:5    | Noticed an ancient lich
 19103 | Zot:5    | Noticed an ancient lich
 19103 | Zot:5    | Noticed a Killer Klown
 19104 | Zot:5    | Noticed an orb of fire
 19107 | Zot:5    | Killed from afar by an orb of fire

Levels and vault maps discovered:
D:1:      kennysheep_arrival_forest, layout_loops_cross,
          minmay_misc_feat_secret_circle
D:2:      layout_basic, nicolae_tso_carved_into_rock,
          chequers_serial_rivers_marsh
D:3:      layout_rooms, led_sif_book
D:4:      layout_loops_ring, old_standard_altar, nicolae_gozag_seed_capital,
          elyvilon_altar_4
D:5:      layout_basic, led_xom_imps, minmay_temple_entry_junction,
          first_ration, serial_shops, nicolae_shop_trees
D:6:      kennysheep_six_static_rooms, layout_cave_pools, serial_shops,
          nicolae_shop_waterfront
D:7:      layout_gridville, ebering_ghost_disaster_area
D:8:      layout_layer_cave, david_lair_generic
D:9:      layout_loops_ring, grunt_qazlal_sundering, serial_shops,
          nicolae_shop_crystal, gammafunk_ghost_stat_death
D:10:     layout_loops_ring, blue_anna_alchemist [blue_anna_fruit_fields,
          blue_anna_fruit_fields], minmay_fire_ice_demons
D:11:     layout_rooms, zombieorc1_lemuel, minmay_guarded_unrand_resistance
D:12:     layout_rooms, hangedman_decor_peaks_small, minmay_misc_feat_columns
D:13:     gammafunk_sealed_arena, layout_basic, gammafunk_ghost_smash,
          basic_altar, kennysheep_generic_room_16, uniq_sonja
D:14:     layout_rooms, david_vaults_1, enter_trove_5, cheibriados_altar_1,
          uniq_kirke, uniq_nessos
D:15:     gammafunk_enter_depths_forms, layout_loops_ring, amethyst_killhole,
          serial_ice, serial_ice_g, serial_ice_h, serial_ice_o, serial_ice_e,
          minmay_stone_trees_small, due_unseen_surprise, uniq_louise
Temple:   regret_index_temple_waves
Lair:1:   layout_gridlike, hibernation_bobbens, grunt_megastairs_4,
          serial_bayou_shore_a
Lair:2:   layout_cave_pods, nicolae_spider_entry_orb_guardian
Lair:3:   layout_chaotic_city, elwin_shoals_entry_rooms, serial_bayou_shore_b,
          grunt_megastairs_2
Shoals:1: layout_shoals, serial_shops, shop, shop, shop, shop, shop,
          portal_ice_cave_entry_pillars_four, uniq_roxanne
Shoals:2: layout_shoals
Shoals:3: layout_shoals, minmay_shop_enchanted_jewellery
Shoals:4: shoals_end_simple, layout_shoals, yaktaur_hedge, uniq_polyphemus
Spider:1: layout_chambers, minmay_another_anthill
Spider:2: layout_chambers, ebering_ghost_inner_flame, uniq_arachne
Spider:3: gammafunk_its_a_trap, drop_trap, hive_lemuel
Spider:4: spider_rune_water, drop_trap
Vaults:1: nicolae_vaults_stairing_the_circle, nicolae_vaults_puzzle_piece,
          nicolae_vaults_yaktaur_gun_rack, hangedman_vaults_nodes, v_misc_5,
          vaults_room_stairs_pillars, vaults_room_grunt_arrival_checkpoint,
          layout_vaults_chaotic_city
Vaults:2: hangedman_vaults_snaps, v_alt_pattern_4, hangedman_vaults_impose,
          ontoclasm_vaults_pinch, vaults_dpeg_ring, layout_vaults_omnigrid,
          serial_shops, shop, portal_desolation_entry_salt
Vaults:3: hangedman_vaults_trim, ontoclasm_vaults_chip, ontoclasm_vaults_idyll,
          vaults_dpeg_encased_lava, vaults_standard_mumra_x,
          nicolae_vaults_back_hallway, hangedman_vaults_hat, vaults_room_grid,
          v_misc_17, nicolae_vaults_twisting_passages, blue_anna_dwarven_crypt,
          nicolae_vaults_alarming, vaults_room_pools, st_octagons_2,
          vaults_room_stairs_pillars, layout_vaults_omnibox, serial_shops, shop
Vaults:4: v_misc_1, ontoclasm_vaults_shuriken, v_alt_pattern_4,
          hangedman_vaults_capsules, nicolae_vaults_little_squares_4,
          ontoclasm_vaults_chip, v_alt_pattern_1,
          nicolae_vaults_little_squares_1, nicolae_vaults_little_squares_4,
          nicolae_vaults_shelves_hall, vaults_dpeg_hooks,
          layout_vaults_omnicross
Vaults:5
Depths:1: layout_cave_pools, serial_rivers, chequers_serial_rivers_room_b,
          chequers_serial_rivers_small_3, chequers_serial_rivers_micro_e,
          chequers_serial_rivers_micro_e, chequers_serial_rivers_micro_a,
          okawaru_ov_weapons_minmay, grunt_hell_entry_dis_mu,
          dpeg_stationary_puzzle
Depths:2: grunt_profane_halls [grunt_profane_temple_geh,
          grunt_profane_temple_tar, grunt_profane_temple_dis,
          grunt_profane_temple_coc, grunt_profane_loot], serial_shops,
          hell_entry, uniq_sojobo
Depths:3: minmay_curly_fans, layout_cave_pools, nrook_mini_vaults,
          rand_demon_pan_entry_9, abyss_entry, hell_entry,
          chequers_serial_rivers_large_a, corexii_hall_statues_u
Depths:4: hangedman_cross_veins, layout_gridlike, enter_ziggurat_c,
          serial_shops, shop, hell_entry, abyss_entry, pan_entry,
          mu_enter_wizlab_2, hangedman_decor_lopped
Depths:5: grunt_zot_entry_funnels, layout_gridlike, abyss_entry_glasseish,
          hell_entry, dk_noncrumbling_2, minmay_misc_feat_tiny,
          hangedman_decor_clover_reticule, uniq_mennas
Zot:1:    layout_gridlike
Zot:2:    layout_onion, lemuel_elevator
Zot:3:    layout_basic, lemuel_baited_zot_trap, lemuel_golem_globe
Zot:4:    layout_basic, hangedman_hellfire_club
Zot:5:    layout_misc_corridors, grunt_ministairs_14

Skill      XL: |  1  2  3  4  5  6  7  8  9 10 11 12 13 14 15 16 17 18 19 20 21 |
---------------+----------------------------------------------------------------+-----
Fighting       | 3 4 5 6 8 9 10 11 12 13 14 15 16 17 18 19 20 | 20.3
Axes           | 3 4 5 6 7 9 10 12 13 14 15 16 17 19 20 21 | 21.0
Armour         | 4 5 6 7 8 9 10 11 12 13 14 15 16 17 | 17.6
Shields        | 4 6 7 9 10 11 12 13 14 15 | 15.0
Invocations    | 2 4 6 8 9 11 12 13 14 15 | 15.0
Dodging        | 6 8 |  8.8

Action                   |  1- 3 |  4- 6 |  7- 9 | 10-12 | 13-15 | 16-18 | 19-21 || total
-------------------------+-------+-------+-------+-------+-------+-------+-------++-------
Melee: War axe           |   137 |   109 |   433 |   787 |  1191 |       |       ||  2657
       Headbutt          |       |       |       |   102 |   268 |   201 |   244 ||   815
       Broad axe         |       |       |       |       |    41 |   784 |   886 ||  1711
Invok: Lesser Servant of |       |       |       |     1 |       |       |     2 ||     3
       Greater Servant o |       |       |       |       |     4 |       |     5 ||     9
 Abil: Heal Wounds       |     2 |     2 |    12 |    12 |    23 |     4 |    23 ||    78
Evoke: Wand              |       |       |       |     1 |       |       |     1 ||     2
  Use: Scroll            |       |       |    18 |     9 |    17 |     3 |    12 ||    59
       Potion            |       |       |       |     2 |     7 |     4 |     8 ||    21
 Stab: Invisible         |       |       |       |       |     5 |       |       ||     5
       Distracted        |       |       |       |       |       |     1 |     2 ||     3
  Eat: Chunk             |       |     3 |    10 |    17 |    14 |     9 |     5 ||    58
       Ration            |       |       |       |       |     2 |     1 |       ||     3
Armor: Scale mail        |    42 |       |       |       |       |       |       ||    42
       Chain mail        |    33 |    47 |   147 |       |       |       |       ||   227
       Plate armour      |       |       |    42 |   389 |   716 |   236 |   155 ||  1538
       Gold dragon scale |       |       |       |       |       |       |   205 ||   205
Dodge: Dodged            |    47 |    20 |    82 |   131 |   404 |   285 |   400 ||  1369
Block: Kite shield       |    80 |    57 |   260 |   740 |  1287 |   732 |   868 ||  4024
       Reflection        |       |       |       |    21 |    19 |    55 |    29 ||   124

Table legend:
 A = Non-vault XP
 B = Vault XP
 C = Vault XP percentage of total XP
 D = Non-vault monster count
 E = Vault monster count
 F = Vault count percentage of total count
                 A         B        C        D         E       F
            +---------+---------+-------+---------+---------+-------
      Total |  376373 |  283380 |  43.0 |     767 |     348 |  31.2
            +---------+---------+-------+---------+---------+-------
        D:1 |      15 |       0 |   0.0 |       9 |       0 |   0.0
        D:2 |      13 |       0 |   0.0 |       4 |       0 |   0.0
        D:3 |      44 |       0 |   0.0 |      21 |       0 |   0.0
        D:4 |     401 |       0 |   0.0 |      15 |       0 |   0.0
        D:5 |     508 |     192 |  27.4 |      19 |       4 |  17.4
        D:6 |     670 |       8 |   1.2 |      15 |       3 |  16.7
        D:7 |    1767 |       0 |   0.0 |      23 |       0 |   0.0
        D:8 |    1833 |     872 |  32.2 |      18 |       4 |  18.2
        D:9 |    3139 |       0 |   0.0 |      36 |       0 |   0.0
       D:10 |    3497 |     148 |   4.1 |      21 |       3 |  12.5
       D:11 |    3240 |     700 |  17.8 |      36 |      27 |  42.9
       D:12 |    5423 |       0 |   0.0 |      27 |       0 |   0.0
       D:13 |    4577 |    5001 |  52.2 |      24 |       8 |  25.0
       D:14 |   10807 |    5915 |  35.4 |      30 |       9 |  23.1
       D:15 |   19447 |    8249 |  29.8 |      41 |      17 |  29.3
     Lair:1 |    1554 |       0 |   0.0 |       7 |       0 |   0.0
     Lair:2 |    2271 |     909 |  28.6 |       9 |       4 |  30.8
     Lair:3 |    3847 |     493 |  11.4 |      18 |       2 |  10.0
   Shoals:1 |    2397 |       0 |   0.0 |       5 |       0 |   0.0
   Shoals:2 |    2611 |       0 |   0.0 |       7 |       0 |   0.0
   Shoals:3 |     452 |       0 |   0.0 |       1 |       0 |   0.0
   Shoals:4 |    4571 |   16015 |  77.8 |       8 |      25 |  75.8
   Spider:1 |    2937 |    5104 |  63.5 |       9 |      29 |  76.3
   Spider:2 |    2025 |       0 |   0.0 |       5 |       0 |   0.0
   Spider:3 |    2715 |       0 |   0.0 |       8 |       0 |   0.0
   Spider:4 |   16962 |   14938 |  46.8 |      48 |      31 |  39.2
   Vaults:1 |   12931 |   11139 |  46.3 |      27 |      24 |  47.1
   Vaults:2 |    5794 |       0 |   0.0 |       9 |       0 |   0.0
   Vaults:3 |   22749 |   27593 |  54.8 |      42 |      31 |  42.5
   Vaults:4 |   18473 |    1058 |   5.4 |      22 |       1 |   4.3
   Vaults:5 |   40075 |   69806 |  63.5 |      54 |      49 |  47.6
   Depths:1 |   13393 |     655 |   4.7 |      20 |       1 |   4.8
   Depths:2 |    1049 |   28503 |  96.5 |       1 |      32 |  97.0
   Depths:3 |   15433 |    6427 |  29.4 |      16 |       7 |  30.4
   Depths:4 |    9929 |       0 |   0.0 |      12 |       0 |   0.0
   Depths:5 |   31804 |   17464 |  35.4 |      37 |      12 |  24.5
      Zot:1 |   16720 |       0 |   0.0 |       9 |       0 |   0.0
      Zot:2 |   13283 |    2070 |  13.5 |       7 |       1 |  12.5
      Zot:3 |    7461 |       0 |   0.0 |       6 |       0 |   0.0
      Zot:4 |   29428 |    5086 |  14.7 |      14 |       7 |  33.3
      Zot:5 |   40128 |   55035 |  57.8 |      27 |      17 |  38.6
            +---------+---------+-------+---------+---------+-------
